 Dungeon Crawl Stone Soup version 0.23-a0-358-g98c7a59 (webtiles) character file.

6 Cryolive the Digger (level 1, 0/10 HPs)
             Began as a Gargoyle Earth Elementalist on Oct 22, 2018.
             Slain by a leopard gecko (2 damage)
             ... on level 1 of the Dungeon.
             The game lasted 00:01:08 (165 turns).

Cryolive the Digger (Gargoyle Earth Elementalist)    Turns: 165, Time: 00:01:09

Health: 0/10       AC:  4    Str: 11    XL:     1   Next: 90%
Magic:  3/3        EV: 12    Int: 15    God:
Gold:   7          SH:  0    Dex: 10    Spells: 3/4 levels left

rFire    . . .     SeeInvis .   e - +0 whip
rCold    . . .     Gourm    .   (no shield)
rNeg     + . .     Faith    .   c - +0 robe
rPois    ∞         Spirit   .   (no helmet)
rElec    +         Reflect  .   (no cloak)
rCorr    .         Harm     .   (no gloves)
MR       .....                  (no boots)
Stlth    ++........             (no amulet)
HPRegen  0.03/turn              (no ring)
MPRegen  0.08/turn              (no ring)

@: no status effects
A: negative energy resistance 1, electricity resistance, unbreathing,
petrification resistance, rot immunity, AC +2
a: no special abilities


You were on level 1 of the Dungeon.
You were not hungry.

You visited 1 branch of the dungeon, and saw 1 of its levels.

You collected 7 gold pieces.

Inventory:

Hand Weapons
 e - a +0 whip (weapon)
Missiles
 b - 48 stones (quivered)
Armour
 c - a +0 robe (worn)
Potions
 a - a potion of might {unknown}
Comestibles
 d - 3 rations


   Skills:
 - Level 1.5 Dodging
 - Level 2.1 Stealth
 + Level 2.2 Spellcasting
   Level 0.7 Transmutations
 + Level 3.9 Earth Magic


You had 3 spell levels left.
You knew the following spells:

 Your Spells              Type           Power        Failure   Level  Hunger
a - Sandblast             Erth           ##....       4%          1    #......

Your spell library contained the following spells:

 Spells                   Type           Power        Failure   Level  Hunger
 Passwall                 Tmut/Erth      #.......     13%         2    ###....
 Stone Arrow              Conj/Erth      #.....       28%         3    ###....
 Petrify                  Tmut/Erth      #.......     63%         4    #####..
 Lee's Rapid Deconstruct  Erth           ##........   75%         5    ######.


Dungeon Overview and Level Annotations

Branches:
Dungeon (1/15)

Altars:


Innate Abilities, Weirdness & Mutations

You are resistant to torment.
Your stone body is resilient. (AC +2)
You are immune to poison.
You resist negative energy. (rN+)
You are resistant to electric shocks. (rElec)
You can survive without breathing.
You are immune to petrification.
You are immune to rotting.


Message History

Ye kill tha kobold!
b - 48 stones Ye hit tha rat.
Tha rat be severely wounded.
Tha rat barely misses ye.
Ye hit tha rat.
Ye kill tha rat!
Tha leopard gecko hisses menacin'ly.
Tha giant cockroach barely misses ye.
Ye barely miss tha giant cockroach.
Tha giant cockroach closely misses ye.
Ye barely miss tha giant cockroach.
Tha giant cockroach bites ye.
* * * LOW HITPOINT WARNIN'
* * * Ye hit tha giant cockroach.
Ye kill tha giant cockroach!
Ye barely miss tha leopard gecko.
Tha leopard gecko misses ye. x2
Ye miss tha leopard gecko.
Tha leopard gecko closely misses ye.
Ye closely miss tha leopard gecko.
Tha leopard gecko bites ye but does nay damage.
Ye closely miss tha leopard gecko.
Tha leopard gecko bites ye.
Ye die...

#### ..?
####.##########
#.....l@......#
#.##.########.#
#. #.# #. #.#
.. #.# ## ##
#.# . #># #.#.#
##.#.#


You could see a leopard gecko.

Vanquished Creatures
  2 giant cockroaches (D:1)
  A kobold (D:1)
  A ball python (D:1)
  2 rats (D:1)
6 creatures vanquished.

Notes
Turn   | Place    | Note
-------+----------+-------------------------------------------
     0 | D:1      | Cryolive the Gargoyle Earth Elementalist began the quest
                  | for the Orb.
     0 | D:1      | Reached XP level 1. HP: 10/10 MP: 3/3
   165 | D:1      | Slain by a leopard gecko

Vault maps used:
D:1:      mrwooster_arrival_arrow

Action                   || total
-------------------------++-------
Melee: Unarmed           ||    29
       Whip              ||     9
 Cast: Sandblast         ||     2
Armor: Robe              ||     8
Dodge: Dodged            ||    21

Table legend:
 A = Non-vault XP
 B = Vault XP
 C = Vault XP percentage of total XP
 D = Non-vault monster count
 E = Vault monster count
 F = Vault count percentage of total count
                 A         B        C        D         E       F
            +---------+---------+-------+---------+---------+-------
      Total |       9 |       0 |   0.0 |       6 |       0 |   0.0
            +---------+---------+-------+---------+---------+-------
        D:1 |       9 |       0 |   0.0 |       6 |       0 |   0.0
            +---------+---------+-------+---------+---------+-------
